 Dungeon Crawl Stone Soup version 0.19.1 (webtiles) character file.

1335 truemonolith the Martial Artist (level 8, -4/63 HPs)
             Began as a White Draconian Monk on Dec 16, 2016.
             Was an Elder of Okawaru.
             Slain by an ogre
             ... wielding a +0 giant club
              (13 damage)
             ... on level 6 of the Dungeon.
             The game lasted 00:08:55 (6078 turns).

truemonolith the Martial Artist (DrMo)              Turns: 6078, Time: 00:08:56

Health: -4/63      AC:  7    Str: 13    XL:     8   Next: 35%
Magic:  6/8        EV: 17    Int: 11    God:    Okawaru [****..]
Gold:   360        SH:  0    Dex: 16    Spells: 0 memorised, 7 levels left

rFire  + . .     SeeInvis .       - Unarmed
rCold  + + .     Gourm    .     (armour unavailable)
rNeg   . . .     Faith    .     (no shield)
rPois  +         Spirit   .     (helmet restricted)
rElec  +         Reflect  .     (no cloak)
rCorr  +         Harm     .     (no gloves)
MR     .....                    v - +0 pair of boots
Stlth  +++.......               (no amulet)
                                (no ring)
                                (no ring)

@: resistant, heroism
A: breathe frost, unfitting armour, cold resistance 1, cold-blooded, AC +6
a: Breathe Frost, Heroism, Renounce Religion


You were on level 6 of the Dungeon.
You worshipped Okawaru.
Okawaru was greatly pleased with you.
You were not hungry.

You visited 2 branches of the dungeon, and saw 7 of its levels.

You collected 360 gold pieces.

Inventory:

Armour
 v - a +0 pair of boots (worn)
Wands
 i - a wand of flame (10/48)
 r - a wand of digging (13/24)
 t - a wand of polymorph (9/24)
Scrolls
 a - 2 scrolls of teleportation {unknown}
 c - 2 scrolls of remove curse {unknown}
 d - 3 scrolls of identify {unknown}
 e - 2 scrolls of enchant weapon {unknown}
 f - a scroll of enchant armour {unknown}
 g - a scroll of fear {unknown}
 j - a scroll of blinking
 q - a scroll of acquirement {unknown}
Potions
 b - a potion of flight {unknown}
 k - 2 potions of resistance
 m - a potion of ambrosia
 n - a potion of might {unknown}
 s - 2 potions of cure mutation {unknown}
Books
 p - a book of Minor Magic

   Spells                             Type                      Level
   a - Magic Dart                     Conjuration                  1
   b - Blink                          Translocation                2
   c - Call Imp                       Summoning                    2
   d - Repel Missiles                 Charms/Air                   2
   e - Slow                           Hexes                        2
   f - Conjure Flame                  Conjuration/Fire             3
   g - Mephitic Cloud                 Conjuration/Poison/Air       3
Comestibles
 h - a beef jerky
 l - a bread ration
 o - 3 fruits
 u - 2 chunks of flesh


   Skills:
 - Level 3.2(8.2) Fighting
 - Level 2.6(7.6) Dodging
 - Level 1.7(6.7) Stealth
 + Level 10.6(15.6) Unarmed Combat


You had 7 spell levels left.
You didn't know any spells.

Dungeon Overview and Level Annotations

Branches:
Dungeon (6/15)             Temple (1/1) D:4

Altars:
Ashenzari
Cheibriados
Dithmenos
Fedhas
Hepliaklqana
Kikubaaqudgha
Nemelex Xobeh
Okawaru
Qazlal
Sif Muna
Trog
Vehumet
Xom
Zin


Innate Abilities, Weirdness & Mutations

You can breathe waves of freezing cold.
You can buffet flying creatures when you breathe cold.
Your icy white scales are hard. (AC +6)
You cannot fit into any form of body armour.
Your flesh is cold resistant. (rC+)
You are cold-blooded and may be slowed by cold attacks.


Message History

The orc hits you. The ogre barely misses you. The orc barely misses you.
You closely miss the orc priest.
The orc priest is almost dead.
The orc priest barely misses you. The orc hits you with a whip.
* * * LOW HITPOINT WARNING * * *
The orc misses you.
Unknown command.
You gain the combat prowess of a mighty hero.
The adder completely misses you. The orc hits you with a hand axe.
* * * LOW HITPOINT WARNING * * *
The ogre misses you. The orc misses you. The orc priest hits you with a dagger.
* * * LOW HITPOINT WARNING * * *
The orc barely misses you.
Unknown command.
It was a potion of resistance.
You feel protected. The adder barely misses you.
The orc hits you but does no damage. The orc priest misses you.
The orc closely misses you. The ogre hits you with a giant club!
You die...

### #### §§≈# ###...#
§§.≈####.......
§....'.<.......
..>..'.........
>....'oOS......
#o@o....... #.)o.......
#### #.......... #
####..# #.......... #
###.....## #.......... #
##........# ##.........
###.........## #.........
.............####........
.........................


You could see an ogre, an orc priest, an adder and 3 orcs.

Vanquished Creatures
  Grinder (D:5)
  Edmund (D:5)
  4 slaves (D:4)
  2 sky beasts
  3 ogres
  The ghost of Philosophy the Shield-Bearer, an amateur VSFi (D:4)
  4 crimson imps
  3 bullfrog skeletons (D:5)
  A centaur skeleton (D:4)
  Terence (D:3)
  An orc wizard (D:4)
  2 worker ants
  3 gnolls (D:4)
  3 adders
  A shadow imp (D:5)
  An ooze (D:1)
  An adder zombie (D:5)
  An adder skeleton (D:5)
  A worm (D:5)
  2 dart slugs
  5 leopard geckos
  10 orcs
  4 giant cockroaches
  3 goblins
  14 hobgoblins
  4 jackals (D:5)
  6 kobolds
  2 quokkas (D:4)
  A ball python (D:3)
  4 bats
  3 frilled lizards
  11 rats
104 creatures vanquished.

Notes
Turn   | Place    | Note
-------+----------+-------------------------------------------
     0 | D:1      | truemonolith the Draconian Monk began the quest for the Orb.
     0 | D:1      | Reached XP level 1. HP: 19/19 MP: 1/1
   476 | D:1      | Reached XP level 2. HP: 26/26 MP: 2/2
   882 | D:1      | Reached skill level 4 in Unarmed Combat
  1060 | D:1      | Reached XP level 3. HP: 31/31 MP: 3/3
  2341 | D:3      | Noticed Terence
  2373 | D:3      | Killed Terence
  2373 | D:3      | Reached skill level 5 in Unarmed Combat
  2373 | D:3      | Reached XP level 4. HP: 27/38 MP: 4/4
  2779 | D:3      | Found a deep blue altar of Sif Muna.
  2835 | D:4      | Noticed a slave
  2837 | D:4      | Noticed a slave
  2838 | D:4      | Noticed a slave
  2892 | D:4      | Killed a slave
  2982 | D:4      | Found a bloodstained altar of Trog.
  3034 | D:4      | Noticed a slave
  3099 | D:4      | Killed a slave
  3106 | D:4      | Reached XP level 5. HP: 15/45 MP: 5/5
  3410 | D:4      | Found a staircase to the Ecumenical Temple.
  3432 | Temple   | Entered the Ecumenical Temple
  3527 | Temple   | Became a worshipper of Warmaster Okawaru
  3527 | Temple   | Reached * piety under Okawaru
  3527 | Temple   | Reached ** piety under Okawaru
  3551 | D:4      | Noticed an ogre
  3560 | D:4      | Killed an ogre
  3560 | D:4      | Reached skill level 6 in Unarmed Combat
  3605 | D:4      | Killed a slave
  3753 | D:4      | Killed a slave
  4193 | D:4      | Noticed Philosophy's ghost (amateur VSFi)
  4201 | D:4      | Killed Philosophy's ghost
  4201 | D:4      | Reached skill level 7 in Unarmed Combat
  4201 | D:4      | Reached XP level 6. HP: 51/51 MP: 3/6
  5233 | D:5      | Entered Level 5 of the Dungeon
  5483 | D:5      | Reached skill level 8 in Unarmed Combat
  5506 | D:5      | Reached *** piety under Okawaru
  5506 | D:5      | Your scales start taking on an icy white colour.
  5506 | D:5      | Reached XP level 7. HP: 45/57 MP: 7/7
  5506 | D:5      | Gained mutation: Your flesh is cold resistant. (rC+) [White Draconian growth]
  5768 | D:5      | Noticed Edmund
  5787 | D:5      | Killed Edmund
  5787 | D:5      | Reached skill level 9 in Unarmed Combat
  5803 | D:5      | Noticed Grinder
  5821 | D:5      | Killed Grinder
  5821 | D:5      | Reached XP level 8. HP: 59/63 MP: 5/8
  5852 | D:5      | Reached **** piety under Okawaru
  5852 | D:5      | Reached skill level 10 in Unarmed Combat
  6078 | D:6      | Slain by an ogre

Skill      XL: |  1  2  3  4  5  6  7  8 |
---------------+-------------------------+-----
Unarmed Combat | 4 5 7 8 9 10 | 10.6
Fighting       | |  3.2
Dodging        | |  2.6
Stealth        | |  1.7

Action                   |  1- 3 |  4- 6 |  7- 9 || total
-------------------------+-------+-------+-------++-------
Melee: Unarmed           |   138 |   207 |   102 ||   447
       Tailslap          |    17 |    33 |    17 ||    67
       Punch             |     1 |     4 |     1 ||     6
Invok: Heroism           |       |     2 |     2 ||     4
  Use: Potion            |     3 |     1 |     1 ||     5
       Scroll            |     3 |       |       ||     3
 Stab: Sleeping          |     6 |     4 |     2 ||    12
       Distracted        |     1 |       |       ||     1
       Invisible         |     1 |       |       ||     1
  Eat: Bread ration      |     1 |     1 |       ||     2
       Meat ration       |       |     1 |       ||     1
       Chunk             |       |       |     3 ||     3
Armor: Skin              |    24 |    39 |    17 ||    80
Dodge: Dodged            |    74 |   132 |    75 ||   281
